 Dungeon Crawl Stone Soup version 0.20.1-1-g8b1a95d (webtiles) character file.

102 letownia2 the Grave Robber (level 4, -2/36 HPs)
             Began as a Deep Dwarf Necromancer on Dec 27, 2017.
             Slain by Blork the orc
             ... wielding a +0 trident
              (5 damage)
             ... on level 4 of the Dungeon.
             The game lasted 00:07:15 (1299 turns).

letownia2 the Grave Robber (Deep Dwarf Necromancer) Turns: 1299, Time: 00:07:15

Health: -2/36      AC:  5    Str: 17    XL:     4   Next: 50%
Magic:  1/17       EV: 16    Int: 16    God:
Gold:   95         SH:  0    Dex: 18    Spells: 4/8 levels left

rFire    . . .     SeeInvis .   h - +0 dagger
rCold    . . .     Gourm    .   (no shield)
rNeg     . . .     Faith    .   n - +0 ring mail
rPois    .         Spirit   .   (no helmet)
rElec    .         Reflect  .   (no cloak)
rCorr    .         Harm     .   (no gloves)
MR       .....                  (no boots)
Stlth    +++.......             (no amulet)
Regen    0.0/turn               q - ring of magical power
MPRegen  0.2/turn               (no ring)

@: mighty, agile, non-regenerating
A: damage resistance, heal wounds, sense surroundings 1, no regeneration
a: Heal Wounds


You were on level 4 of the Dungeon.
You were very hungry.

You visited 2 branches of the dungeon, and saw 5 of its levels.

You collected 95 gold pieces.

Inventory:

Hand Weapons
 h - a +0 dagger (weapon)
 l - a +0 hunting sling
 m - a +0 hand axe
Armour
 a - a +0 robe
 d - a +0 leather armour
 g - +0 pearl dragon scales
 n - a +0 ring mail (worn)
Jewellery
 q - a ring of magical power (left hand)
Scrolls
 e - 4 scrolls of identify {unknown}
 f - 3 scrolls of remove curse {unknown}
 i - a scroll of recharging {unknown}
 k - 2 scrolls of noise {unknown}
Books
 b - a book of Necromancy

   Spells                             Type                      Level
   a - Pain                           Necromancy                   1
   b - Animate Skeleton               Necromancy                   1
   c - Vampiric Draining              Necromancy                   3
   d - Regeneration                   Charms/Necromancy            3
   e - Animate Dead                   Necromancy                   4
   f - Control Undead                 Necromancy                   4
Comestibles
 c - a bread ration
 p - 2 chunks of flesh


   Skills:
 - Level 2.1 Dodging
 - Level 2.4 Stealth
 + Level 2.7 Spellcasting
 - Level 5.9 Necromancy


You had 4 spell levels left.
You knew the following spells:

 Your Spells              Type           Power        Failure   Level  Hunger
a - Pain                  Necr           ###.         3%          1    #......
v - Vampiric Draining     Necr           ###.......   9%          3    ###....


Dungeon Overview and Level Annotations

Branches:
Dungeon (4/15)             Temple (1/1) D:4

Altars:
Ashenzari
Cheibriados
Elyvilon
Gozag
Hepliaklqana
Kikubaaqudgha
Qazlal
Ru
Trog
Xom
Zin

Annotations:
D:4 Blork the orc


Innate Abilities, Weirdness & Mutations

You are resistant to damage.
You can heal yourself by infusing magical energy.
You passively map a small area around you.
You do not regenerate.


Message History

A magic dart appears from out of thin air!
The magic dart hits you!
* * * LOW HITPOINT WARNING * * *
A puff of flame appears from out of thin air!
The puff of flame hits you!
* * * LOW HITPOINT WARNING * * *
A magic dart appears from out of thin air!
The magic dart hits you!
* * * LOW HITPOINT WARNING * * *
Unknown command.
Casting: Pain
Confirm with . or Enter, or press ? or * to list all spells.
Aiming: Vampiric Draining
Press: ? - help, Shift-Dir - straight line, f/p - iguana
Aim: an iguana (severely wounded)
You kill the iguana!
You feel life coursing into your body.
You are feeling very hungry.
Something hits you.
You die...

###### #..........#
#....# #<.>.....<.#
#....# #..........#
#....#####..........#
#....#..............#
#......###...8......#
#....### ###.>#.#####
#....########8#.#
#....##......##@#
*###.##........#†#
#.#.........{.# *
#.#...........# , *
#?#...........#
#.#...........# ,
####.#...........#
....(..........#.#
####.##........#.# ,


There were no monsters in sight!

Vanquished Creatures
  An iguana (D:4)
  3 adders (D:3)
  An ooze (D:3)
  A dart slug (D:3)
  3 leopard geckos
  3 bats (D:3)
  2 giant cockroaches (D:3)
  5 goblins
  10 hobgoblins
  4 jackals
  A frilled lizard (D:3)
  4 kobolds
  2 rats
40 creatures vanquished.

Notes
Turn   | Place    | Note
-------+----------+-------------------------------------------
     0 | D:1      | letownia2 the Deep Dwarf Necromancer began the quest for the Orb.
     0 | D:1      | Reached XP level 1. HP: 15/15 MP: 3/3
   192 | D:1      | Reached XP level 2. HP: 19/22 MP: 0/5
   457 | D:3      | Reached skill level 5 in Necromancy
   612 | D:3      | Reached XP level 3. HP: 15/28 MP: 0/6
   617 | D:3      | Learned a level 3 spell: Vampiric Draining
   681 | D:4      | Found a staircase to the Ecumenical Temple.
   685 | D:4      | Noticed Blork the orc
   688 | Temple   | Entered the Ecumenical Temple
  1096 | D:3      | Found a shattered altar of Ashenzari.
  1137 | D:3      | Reached XP level 4. HP: 30/36 MP: 7/7
  1214 | D:3      | Noticed a hungry ghost
  1294 | D:4      | HP: 1/36 [something/magic dart (3)]
  1299 | D:4      | Slain by Blork the orc

Skill      XL: |  1  2 |
---------------+-------+-----
Spellcasting   | 2 |  2.7
Necromancy     | 5 |  5.9
Dodging        | |  2.1
Stealth        | |  2.4

Action                   |  1- 3 |  4- 6 || total
-------------------------+-------+-------++-------
Melee: Dagger            |    45 |     1 ||    46
       Unarmed           |     2 |       ||     2
 Cast: Pain              |    46 |    11 ||    57
       Vampiric Draining |     7 |     8 ||    15
  Use: Potion            |       |     2 ||     2
  Eat: Chunk             |     2 |     1 ||     3
Armor: Robe              |     1 |       ||     1
       Leather armour    |    19 |       ||    19
       Pearl dragon scal |     8 |       ||     8
       Ring mail         |    33 |     6 ||    39
Dodge: Dodged            |    90 |    13 ||   103
